Map: Dusk Towers

Players

Pokebunny

  • Race: Terran Terran
  • League: Grandmaster

llllllllllll - Winner!

  • Race: Terran Terran
  • League: Master

VOD

Have the link to the VOD?

Description

Time

  • Played on: April 7, 2016, 10:28 p.m.
  • Length: 11:25
Show
View Real Time Build Order
Export as new Build Order

Pokebunny Terran 

Build Orders: 1/1/1, Bio Tank 

Get SALT Encoding   

  12  0:01  SCV  
  13  0:13  SCV  
  14  0:18  Supply Depot  
  14  0:25  SCV  
  15  0:33  Refinery  
  15  0:40  SCV  
  16  0:45  Barracks  
  16  0:52  SCV  
  18  1:04  SCV  
  18  1:16  SCV  
  19  1:32  Orbital Command  
  19  1:33  Marine  
  19  1:36  Refinery  
  19  1:39  Factory  
  20  1:41  Supply Depot  
  20  1:51  Marine  
  21  1:57  SCV  
  22  2:09  Barracks Reactor, SCV  
  22  2:14  Supply Depot  
  23  2:21  SCV  
  24  2:23  Factory Tech Lab, Starport  
  23  2:34  SCV  
  24  2:43  Siege Tank  
  27  2:46  Marine x2  
  27  2:50  SCV  
  30  2:54  Supply Depot  
  30  3:01  Medivac  
  30  3:03  SCV  
  30  3:04  Marine x2  
  35  3:15  SCV  
  36  3:22  Marine x2  
  36  3:25  Siege Tank  
  41  3:37  SCV  
  41  3:39  Marine  
  41  3:40  Viking, Marine  
  46  3:47  Engineering Bay  
  46  3:52  SCV  
  47  4:23  Marine  
  47  4:39  Command Center, Marine  
  47  4:40  Marine  
  47  4:54  Viking  
  47  5:06  Barracks  
  47  5:07  Barracks  
  47  5:08  Supply Depot  
  47  5:23  Marine  
  47  5:30  Siege Tank, Marine  
  47  5:32  Supply Depot x2  
  51  5:42  Viking  
  53  5:54  Orbital Command  
  52  5:57  Marine  
  52  5:58  Barracks Tech Lab, Marine x2  
  52  6:01  SCV  
  56  6:07  Terran Infantry Weapons Level 1  
  56  6:17  Marine x2  
  58  6:25  Marine  
  58  6:26  Stimpack  
  58  6:27  Siege Tank  
  58  6:28  Starport Reactor  
  58  6:30  SCV  
  58  6:31  SCV  
  64  6:49  SCV x2  
  63  7:03  Siege Tank, Marine x2  
  63  7:04  Marine x2  
  63  7:05  Medivac  
  70  7:12  SCV x2  
  72  7:16  Refinery  
  69  7:25  Barracks Reactor, Marine x3  
  69  7:27  Command Center  
  72  7:32  SCV x2  
  74  7:41  Supply Depot  
  74  7:44  SCV x2  
  76  7:55  Marine x2  
  76  7:56  Siege Tank, Marine  
  82  8:04  Medivac  
  84  8:06  Marine x2  
  84  8:11  Supply Depot  
  86  8:18  Marine x3, Supply Depot  
  87  8:34  Marine x2  
  87  8:36  Marine  
  87  8:37  Medivac x2  
  87  8:40  Supply Depot  
  94  8:42  Refinery  
  94  8:43  SCV x2  
  95  8:52  Marine x2  
  81  8:58  Marine x3  
  70  9:10  Marine x2  
  70  9:16  Combat Shields, Marine  
  73  9:17  Siege Tank  
  73  9:27  SCV  
  74  9:33  Orbital Command  
  74  9:34  Marine  
  75  9:47  Medivac  
  75  9:48  SCV  
  75  9:49  Siege Tank  
  81  9:54  Marine x2  
  81  9:55  Marine x2  
  85  10:03  Marine  
  86  10:10  Supply Depot  
  86  10:12  Marine  
  87  10:19  Marine x3  
  93  10:21  Siege Tank  
  87  10:51  Marine x3  
  87  10:52  SCV  
  87  10:53  SCV  
  90  11:01  Marine x2  
Show
View Real Time Build Order
Export as new Build Order

llllllllllll Terran - Winner!

Build Orders: Reaper Expand, Bio Tank 

Get SALT Encoding   

  12  0:01  SCV  
  13  0:13  SCV  
  14  0:17  Supply Depot  
  14  0:25  SCV  
  15  0:39  Barracks, SCV  
  16  0:45  Refinery  
  16  0:51  SCV  
  17  1:03  SCV  
  18  1:15  SCV  
  19  1:28  Orbital Command, Reaper  
  20  1:43  Command Center  
  20  1:54  Supply Depot, SCV  
  20  1:59  Marine  
  22  2:06  SCV  
  23  2:11  Factory  
  23  2:18  SCV  
  23  2:20  Refinery  
  24  2:23  Barracks Reactor  
  24  2:33  SCV  
  25  2:45  SCV  
  26  2:56  Orbital Command  
  26  2:57  SCV  
  26  2:58  Starport  
  27  2:59  Factory Tech Lab  
  27  3:00  Marine x2  
  29  3:09  SCV  
  30  3:18  Supply Depot, Marine x2  
  32  3:21  SCV  
  32  3:23  SCV  
  32  3:26  Cyclone  
  37  3:33  SCV  
  38  3:35  Marine, SCV  
  38  3:36  Marine  
  38  3:39  Viking  
  43  3:43  Supply Depot  
  43  3:45  SCV  
  44  3:53  Marine x2, SCV  
  47  3:58  SCV  
  47  4:01  Siege Tank  
  51  4:05  SCV  
  51  4:11  Marine  
  51  4:15  Viking  
  51  4:17  SCV  
  55  4:22  SCV  
  56  4:26  Supply Depot  
  56  4:31  Supply Depot  
  62  4:52  Siege Tank, SCV x2  
  62  4:54  Command Center  
  62  4:59  Viking  
  62  5:04  Barracks  
  62  5:05  Barracks, SCV  
  62  5:13  Refinery x2, Supply Depot  
  62  5:35  Siege Tank, SCV x2  
  67  5:47  SCV x2  
  69  5:50  Starport Reactor  
  69  5:52  Barracks Tech Lab x2  
  69  5:57  Barracks  
  69  5:58  Barracks  
  69  5:59  SCV  
  69  6:02  Engineering Bay, Supply Depot  
  70  6:04  Supply Depot  
  70  6:05  SCV  
  72  6:11  SCV  
  72  6:13  Siege Tank  
  72  6:17  SCV  
  76  6:19  Orbital Command  
  76  6:22  Stimpack  
  76  6:23  SCV  
  77  6:28  Combat Shields  
  77  6:31  SCV  
  77  6:32  Terran Infantry Armor Level 1  
  78  6:33  Marine  
  78  6:35  SCV  
  78  6:37  Marine  
  81  6:40  Medivac  
  83  6:51  Barracks Reactor x2  
  81  6:54  Marine  
  81  6:55  Marine  
  81  6:59  Supply Depot  
  82  7:12  Marine x2  
  82  7:13  Medivac x2  
  88  7:21  Factory Tech Lab  
  87  7:28  Marine x2  
  87  7:29  Marine x2  
  90  7:30  Marine x2  
  92  7:40  Siege Tank  
  95  7:46  Marine x3  
  95  7:47  Marine  
  95  7:48  Marine x2  
  95  7:49  Medivac  
  95  7:50  Medivac  
  105  7:59  SCV  
  105  8:04  Marine x3  
  105  8:05  Marine x2  
  107  8:06  Marine  
  107  8:07  Supply Depot  
  107  8:09  Supply Depot  
  109  8:25  Marine, Missile Turret x2  
  109  8:26  Marine x2  
  109  8:27  Marine, SCV  
  109  8:28  Siege Tank, Marine x2  
  109  8:33  SCV  
  113  8:43  Marine  
  113  8:44  Marine x2  
  113  8:45  Marine, SCV  
  113  8:46  Marine x2  
  116  8:55  Supply Depot  
  116  8:56  Supply Depot  
  116  9:01  Marine x2  
  116  9:02  Marine x2  
  119  9:03  Marine  
  119  9:04  Marine  
  119  9:07  Siege Tank  
  120  9:10  Orbital Command  
  120  9:15  SCV x2  
  122  9:19  Marine x2  
  122  9:20  Marine  
  122  9:22  Marine  
  120  9:26  Marine  
  120  9:27  SCV x2  
  123  9:32  Marine  
  124  9:39  SCV x3  
  124  9:41  Sensor Tower  
  121  9:49  Marine x3  
  121  9:51  SCV  
  125  9:56  SCV x2  
  125  9:57  Marine  
  128  10:01  Medivac  
  130  10:08  Barracks, Marine  
  130  10:09  Marine  
  130  10:13  Marine  
  133  10:14  Marine  
  133  10:16  Marine  
  133  10:17  Marine  
  135  10:26  Marine  
  135  10:27  Marine  
  137  10:29  Siege Tank  
  137  10:31  Marine  
  137  10:34  Marine  
  137  10:35  Marine  
  141  10:36  Supply Depot  
  141  10:52  Factory  
  141  10:56  Barracks Reactor  
  141  11:07  Supply Depot x2  
  141  11:08  Supply Depot x2  
Tags
 
Add a new tag
Caveats
  • Supply blocks, unpowered buildings, or Contaminate may cause inaccurate times.
  • Supply counts are checked every 10 seconds.